 Dungeon Crawl Stone Soup version 0.21.1-1-g345015fe64 (webtiles) character file.

377 Ivernyr the Changer (level 6, 0/29 HPs)
             Began as a Vine Stalker Transmuter on Apr 11, 2018.
             Slain by Pikel
             ... wielding a +2 whip of flaming
              (2 damage)
             ... on level 3 of the Dungeon on Apr 12, 2018.
             The game lasted 00:28:28 (4723 turns).

Ivernyr the Changer (Vine Stalker Transmuter)       Turns: 4723, Time: 00:28:32

Health: 0/29       AC:  5    Str: 12    XL:     6   Next: 73%
Magic:  0/10       EV: 13    Int: 15    God:
Gold:   135        SH:  0    Dex: 15    Spells: 6/9 levels left

rFire    . . .     SeeInvis .     - Unarmed
rCold    . . .     Gourm    +   (no shield)
rNeg     . . .     Faith    .   f - +0 robe (curse)
rPois    .         Spirit   +   (no helmet)
rElec    .         Reflect  .   (no cloak)
rCorr    .         Harm     .   (no gloves)
MR       .....                  (boots currently unavailable)
Stlth    +.........             u - amulet of the gourmand
HPRegen  0.49/turn              s - +3 ring of protection
MPRegen  0.12/turn              (no ring)

@: appendage, very slightly contaminated
A: fangs 2, talons 3, regeneration 1, magic shield, antimagic bite, no potion
heal 3, rot immunity
a: End Transformation


You were on level 3 of the Dungeon.
You were full.
You had grown temporary talons.
You visited 1 branch of the dungeon, and saw 4 of its levels.

You collected 135 gold pieces.

Inventory:

Missiles
 a - 34 arrows
Armour
 f - a cursed +0 robe (worn)
Jewellery
 s - a +3 ring of protection (left hand)
 u - an amulet of the gourmand (around neck)
Scrolls
 b - a scroll of noise {unknown}
 e - a scroll of remove curse {unknown}
 h - 3 scrolls of identify {unknown}
 k - a scroll of magic mapping {unknown}
 n - a scroll of random uselessness {unknown}
 o - a scroll of fog {unknown}
 p - a scroll of amnesia {unknown}
 r - 2 scrolls of teleportation {unknown}
 t - 3 scrolls of enchant armour {unknown}
 x - a scroll of immolation {unknown}
Potions
 g - 2 potions of cancellation {unknown}
 i - 2 potions of degeneration {unknown}
 j - a potion of haste {unknown}
 l - a potion of resistance {unknown}
 m - a potion of lignification {unknown}
 q - a potion of heal wounds {unknown}
 v - a potion of might {unknown}
 w - a potion of mutation {unknown}
Books
 c - a book of Changes

   Spells                             Type                      Level
   a - Beastly Appendage              Transmutation                1
   b - Sticks to Snakes               Transmutation                2
   c - Spider Form                    Transmutation/Poison         3
   d - Ice Form                       Ice/Transmutation            4
   e - Blade Hands                    Transmutation                5
Comestibles
 d - 4 rations


   Skills:
 - Level 0.8 Fighting
 + Level 3.1 Dodging
 + Level 4.4 Unarmed Combat
 - Level 2.1 Spellcasting
 * Level 5.1 Transmutations


You had 6 spell levels left.
You knew the following spells:

 Your Spells              Type           Power        Failure   Level  Hunger
a - Beastly Appendage     Tmut           ###...       2%          1    #......
b - Sticks to Snakes      Tmut           ###.....     4%          2    ###....


Dungeon Overview and Level Annotations

Branches:
Dungeon (4/15)
 Temple: D:4-7

Altars:

Annotations:
D:3 Pikel
D:4 Blork the orc; Delanovic's ghost, amateur DDNe


Innate Abilities, Weirdness & Mutations

You have extremely sharp teeth.
Your natural rate of healing is unusually fast.
When hurt, damage is shared between your health and your magic reserves.
Your bite disrupts and absorbs the magic of your enemies.
Potions cannot restore your health.
You are immune to rotting.
You have claws for feet.


Message History

Pikel is moderately wounded.
Pikel hits you but does no damage.
Your adder bites Pikel but does no damage.
You hit Pikel but do no damage. Your bite misses Pikel.
Pikel is moderately wounded.
Pikel hits you with a whip of flaming. Pikel burns you.
Your adder barely misses Pikel.
You hit Pikel. Your kick misses Pikel. You bite Pikel, but do no damage.
Pikel is moderately wounded.
Your adder bites Pikel.
Pikel hits you with a whip of flaming!
* * * LOW HITPOINT WARNING * * *
Pikel burns you.
* * * LOW HITPOINT WARNING * * *
You hit Pikel but do no damage. Your kick misses Pikel.
You bite Pikel, but do no damage.
Pikel is moderately wounded.
Your adder closely misses Pikel.
Pikel hits you with a whip of flaming.
* * * LOW HITPOINT WARNING * * *
Pikel burns you.
You die...

#..#.#..#.......# #
#...............# #
##..)###........# # #.#.#
#........# # #.#.###.######## #
#.#.....# # #.###.####
#........# ##### ####
#.@##.##.# #.... ...#
#######.KS<..#.######.### ...#
#.....##.##...........# #
...######.###.##.#####.##.#####
# #.........#............##.# #
###########.....#########.## #
#####K.....# #...# #
#..........# #...# ### ###
#.###......#### #...# ##.#


You could see Pikel and a friendly adder.

Vanquished Creatures
  An ogre (D:4)
  A howler monkey (D:4)
  An orc priest (D:2)
  3 orc wizards
  A worker ant (D:4)
  3 adders
  4 worms
  2 dart slugs
  3 leopard geckos
  10 orcs
  7 bats
  A giant cockroach (D:2)
  6 goblins
  3 hobgoblins
  5 jackals
  A ball python (D:4)
  6 frilled lizards
  11 kobolds
  4 rats
73 creatures vanquished.

Notes
Turn   | Place    | Note
-------+----------+-------------------------------------------
     0 | D:1      | Ivernyr the Vine Stalker Transmuter began the quest for the Orb.
     0 | D:1      | Reached XP level 1. HP: 9/9 MP: 4/4
   404 | D:1      | Reached XP level 2. HP: 14/14 MP: 4/6
   425 | D:1      | Learned a level 2 spell: Sticks to Snakes
  1621 | D:2      | Reached XP level 3. HP: 16/17 MP: 5/7
  1993 | D:2      | Reached skill level 3 in Transmutations
  3253 | D:2      | Gained mutation: Your natural rate of healing is unusually fast. [Vine Stalker growth]
  3253 | D:2      | Reached XP level 4. HP: 17/21 MP: 6/8
  3308 | D:2      | Reached XP level 5. HP: 22/25 MP: 6/9
  3346 | D:3      | Reached skill level 4 in Transmutations
  4366 | D:4      | Reached XP level 6. HP: 25/29 MP: 10/10
  4496 | D:4      | Reached skill level 5 in Transmutations
  4506 | D:4      | Noticed a slave
  4506 | D:4      | Noticed a slave
  4508 | D:4      | Noticed Pikel
  4510 | D:4      | Noticed a slave
  4510 | D:4      | Noticed a slave
  4512 | D:4      | Noticed Delanovic's ghost (amateur DDNe)
  4513 | D:4      | Noticed Blork the orc
  4723 | D:3      | Slain by Pikel

Skill      XL: |  1  2  3  4  5  6 |
---------------+-------------------+-----
Dodging        | 2 3 |  3.1
Transmutations | 3 4 5 |  5.1
Unarmed Combat | 4 |  4.4
Fighting       | |  0.8
Spellcasting   | |  2.1

Action                   |  1- 3 |  4- 6 || total
-------------------------+-------+-------++-------
Melee: Unarmed           |   109 |   157 ||   266
       Bite              |    17 |    39 ||    56
       Kick              |     9 |    13 ||    22
       Headbutt          |     3 |    17 ||    20
       Punch             |     1 |     1 ||     2
 Cast: Beastly Appendage |    19 |    16 ||    35
       Sticks to Snakes  |       |     4 ||     4
 Stab: Sleeping          |     2 |       ||     2
       Distracted        |     1 |       ||     1
  Eat: Chunk             |     7 |    17 ||    24
Armor: Robe              |    16 |    23 ||    39
Dodge: Dodged            |    70 |    78 ||   148
